 Dungeon Crawl Stone Soup version 0.31.0-12-g77e489cdc1 (webtiles) character file.

Game seed: 10018837461966656658

191 booth the Chopper (level 5, -1/42 HPs)
             Began as a Demonspawn Gladiator on Mar 6, 2024.
             Succumbed to a goblin's poison
             ... on level 4 of the Dungeon on Mar 7, 2024.
             The game lasted 00:10:55 (2601 turns).

booth the Chopper (Demonspawn Gladiator)            Turns: 2601, Time: 00:10:55

Health: -1/42      AC:  6    Str: 16    XL:     5   Next: 41%
Magic:  1/5        EV: 12    Int:  9    God:
Gold:   219        SH:  0    Dex: 14    Spells: 4/4 levels left

rFire   + . .        a - +0 war axe
rCold   + . .        (no shield)
rNeg    . . .        b - +0 leather armour
rPois   .            t - +1 helmet
rElec   .            p - scarf {rC+ rF+}
rCorr   .            (no gloves)
SInv    .            (no boots)
Will    .....        (no amulet)
Stlth   +            (no ring)
HPRegen 0.27/turn    (no ring)
MPRegen 0.18/turn

%: guardian spirit
@: mighty, lethally poisoned (-1 -> -14)
A: rugged brown scales 1, foul stench 1, magic shield, magic regeneration
a: no special abilities


You were on level 4 of the Dungeon.
You visited 1 branch of the dungeon, and saw 4 of its levels.

You collected 219 gold pieces.

Inventory:

Hand Weapons
 a - a +0 war axe (weapon)
Missiles
 d - 3 throwing nets (quivered)
 e - 2 javelins
 o - 4 curare-tipped darts
Armour
 b - a +0 leather armour (worn)
 p - a scarf of resistance (worn)
 t - a +1 helmet (worn)
Wands
 s - a wand of digging (4)
Scrolls
 g - 3 scrolls of blinking
 h - a scroll of revelation
 k - a scroll of teleportation {unknown}
 l - 4 scrolls of enchant armour {unknown}
 n - a scroll of acquirement {unknown}
 r - a scroll of enchant weapon {unknown}
Potions
 c - a potion of cancellation
 f - 3 potions of curing
 i - a potion of lignification
 j - 2 potions of brilliance
 m - a potion of might
 q - a potion of attraction {unknown}


   Skills:
 + Level 3.2 Fighting
 * Level 4.4 Axes
 + Level 2.9 Throwing
 - Level 2.7 Dodging


You had 4 spell levels left.
You didn't know any spells.
Your spell library was empty.

Dungeon Overview and Level Annotations

Branches:
Dungeon (4/15)
 Temple: D:4-7

Altars:
Nemelex Xobeh

Shops:
D:1 *


Innate Abilities, Weirdness & Mutations

You are partially covered in rugged brown scales. (AC +1, +3% HP)
You may rarely emit foul miasma when damaged in melee.
When hurt, damage is shared between your health and your magic reserves.
You regenerate magic rapidly.


Message History

The javelin closely misses the goblin.
The javelin pierces through the orc but does no damage.
You slash the orc priest!
The orc priest is severely wounded.
You hit the goblin but do no damage.
The orc priest invokes the aid of Beogh against you.
Beogh smites you! The goblin barely misses you.
The orc priest begins to cast a cantrip, but forgets the words!
The goblin completely misses you.
You hit the orc priest.
The orc priest is almost dead.
You closely miss the goblin. The orc priest hits you with a +0 whip.
The goblin barely misses you.
You slash the orc priest!
You kill the orc priest!
You closely miss the goblin. The goblin hits you but does no damage.
You are poisoned.
You feel sick.
You closely miss the goblin.
You feel sick.
The goblin hits you but does no damage. x2
You barely miss the goblin. You closely miss the orc.
You feel sick. The orc closely misses you.
The goblin hits you with a +0 dagger of venom.
* * * LOW HITPOINT WARNING * * *
You are lethally poisoned!
You closely miss the goblin. You barely miss the orc.
* * * LOW HITPOINT WARNING * * *
You feel very sick. The orc hits you but does no damage.
The goblin hits you with a +0 dagger of venom.
You are more poisoned.
You slash the goblin!
You kill the goblin!
You hit the orc.
* * * LOW HITPOINT WARNING * * *
You feel very sick. The orc hits you but does no damage. x2
It was a potion of might.
You feel very mighty all of a sudden.
You die...

#.........# ##.....
#.........# ##......
#..[......#######.......
#........>.#............
#..............###...>..
#.........#.##.####.....
#..)........##....##%.)#
#...........#####.##....
#......@..#.# #.......
######o)###... ##.#....
##$#######..........
#....###.^........##
#...#o....###.....##
##(..............##
##.###...)..#... #...
.g###. g.... ....


You could see an orc.

Vanquished Creatures
  A hound (D:3)
  2 orc priests (D:4)
  2 adders
  3 gnolls (D:4)
  A dart slug (D:1)
  3 orcs
  4 bats
  7 endoplasms
  2 giant cockroaches
  6 goblins
  A hobgoblin (D:1)
  2 jackals (D:1)
  4 quokkas
  4 ball pythons
  3 frilled lizards
  4 kobolds
  2 rats
51 creatures vanquished.

Vanquished Creatures (others)
  A ball python (D:3)
1 creature vanquished.

Grand Total: 52 creatures vanquished

Notes
Turn   | Place    | Note
-------+----------+-------------------------------------------
     0 | D:1      | booth the Demonspawn Gladiator began the quest for the Orb.
     0 | D:1      | Reached XP level 1. HP: 16/16 MP: 1/1
   133 | D:1      | Found Bofaty's General Store.
   219 | D:1      | Gained mutation: You are partially covered in rugged brown
                  | scales. (AC +1, +3% HP) [demonic ancestry]
   219 | D:1      | Reached XP level 2. HP: 16/22 MP: 2/2
   235 | D:1      | Reached skill level 3 in Axes
   926 | D:2      | You fall into a shaft and drop 1 floor!
   958 | D:3      | Found a sparkling altar of Nemelex Xobeh.
  1253 | D:2      | Gained mutation: You regenerate magic rapidly. [demonic
                  | ancestry]
  1253 | D:2      | Reached XP level 3. HP: 28/28 MP: 3/3
  1750 | D:3      | Gained mutation: When hurt, damage is shared between your
                  | health and your magic reserves. [demonic ancestry]
  1750 | D:3      | Reached XP level 4. HP: 17/35 MP: 4/4
  2566 | D:4      | Reached skill level 4 in Axes
  2592 | D:4      | Gained mutation: You may rarely emit foul miasma when
                  | damaged in melee. [demonic ancestry]
  2592 | D:4      | Reached XP level 5. HP: 26/42 MP: 2/5
  2600 | D:4      | HP: 2/42 [poisoned by a goblin]
  2601 | D:4      | Succumbed to a goblin's poison

Illustrated notes

Levels and vault maps discovered:
D:1:      mrwooster_arrival_statue_3, layout_basic, serial_shops,
          nicolae_shop_advertising_works [nicolae_subvault_shop_adworks]
D:2:      layout_rooms, serial_bayou_lake_a
D:3:      kennysheep_six_static_rooms, layout_basic, nemelex_dance_club_becter
D:4:      layout_rooms, lemuel_doored_altar, mainiacjoe_overflow_catwalk_spiral,
          interstate_on_off

Skill      XL: |  1  2  3  4 |
---------------+-------------+-----
Throwing       | 2 |  2.9
Axes           | 3 4 |  4.4
Fighting       | 3 |  3.2
Dodging        | |  2.7

Action                     |  1- 3 |  4- 6 || total
---------------------------+-------+-------++-------
  Melee: War axe           |    88 |    54 ||   142
         Punch             |     1 |       ||     1
  Throw: Javelin           |       |     1 ||     1
    Use: Scroll            |     6 |     1 ||     7
         Potion            |       |     1 ||     1
   Stab: Sleeping          |     1 |       ||     1
 Armour: Leather armour    |    51 |    34 ||    85
  Dodge: Dodged            |    64 |    34 ||    98
